AoeStats
← IIIIIIIIIII2155

Black Forest

509724582Analyzed
4v4 RM · 6d ago on Sep 27, 2026· 51m 18s· 8 players
Game mode
Random Map
Map size
Large (8 player)
Population
200
Speed
Normal
Resources
Standard
Victory
Conquest
Starting age
Dark Age
Ending age
Imperial Age
RankedLock teamsTeams togetherTeam positionsShared explorationLock speedFull tech treeHidden civsTurbo modeCheats
Victory
Defeat
🇨🇴 Celts · Colombia
1095
+15
🇨🇱 Saxons · Chile
1095
+15
🇩🇪 Mongols · Germany
1045
+17
🇨🇱 Khmer · Chile
971
+20
🇹🇷 Turks · Türkiye
1180
-20
🇬🇧 Persians · United Kingdom
1065
-17
🇨🇳 Franks · China
1058
-16
🇨🇦 Byzantines · Canada
988
-14
GENIACO
10:28 Feudal Age
12:05 Loom
16:57 Castle Age
16:51 Double-Bit Axe
21:15 Horse Collar
22:18 Fishing Lines
26:35 Ballistics
27:08 Gold Mining
30:27 Imperial Age
28:14 Heavy Plow
29:36 Gold Shaft Mining
28:59 Stone Mining
29:51 Scale Mail Armor
30:02 Forging
29:15 Clerical Recruitment
30:10 Bow Saw
30:45 Sanctity
31:26 Wheelbarrow
30:36 Town Watch
31:02 Arson
31:18 Squires
31:04 Gambesons
32:02 Conscription
32:06 Siege Engineers
32:12 Masonry
32:26 Block Printing
32:58 Hoardings
32:46 Elite Hearth Troop
35:28 Architecture
36:23 Chain Mail Armor
36:43 Iron Casting
35:59 Fletching
35:58 Shield Wall
37:01 Hand Cart
36:55 Sappers
39:48 Illumination
39:18 Herbal Medicine
40:41 Plate Mail Armor
40:07 Bodkin Arrow
43:10 Chemistry
41:51 Treadmill Crane
44:19 Redemption
45:11 Two-Man Saw
44:47 Crop Rotation
48:47 Theocracy
48:19 Town Patrol
Mayunia
4:55 Loom
12:20 Feudal Age
16:21 Castle Age
14:35 Horse Collar
14:51 Double-Bit Axe
15:02 Gold Mining
20:44 Wheelbarrow
28:27 Fortified Wall
32:47 Imperial Age
31:34 Ballistics
31:57 Hand Cart
32:26 Bow Saw
34:50 Chemistry
34:36 Siege Engineers
34:00 Capped Ram
34:43 Siege Ram
35:56 Heavy Scorpion
37:01 Stronghold
37:24 Furor Celtica
37:36 Conscription
38:25 Town Watch
38:05 Pikeman
38:31 Gambesons
39:10 Halberdier
43:49 Scale Mail Armor
43:59 Forging
44:44 Chain Mail Armor
49:13 Plate Mail Armor
49:19 Iron Casting
IIIIIIIIIII2155
7:16 Loom
10:10 Feudal Age
16:03 Castle Age
15:51 Double-Bit Axe
18:02 Wheelbarrow
17:43 Bow Saw
20:45 Horse Collar
22:19 Heavy Plow
25:22 Hand Cart
26:36 Gold Mining
26:36 Stone Mining
28:18 Gold Shaft Mining
30:50 Imperial Age
29:47 Stone Shaft Mining
30:51 Ballistics
30:25 Fletching
30:35 Padded Archer Armor
31:06 Forging
32:35 Chemistry
31:31 Murder Holes
31:59 Bodkin Arrow
32:10 Scale Barding Armor
32:52 Elite Skirmisher
34:06 Chain Barding Armor
34:22 Iron Casting
33:47 Bracer
34:03 Leather Archer Armor
34:30 Bloodlines
34:22 Husbandry
33:42 Light Cavalry
34:58 Nomads
37:07 Blast Furnace
36:08 Scale Mail Armor
36:36 Drill
35:37 Elite Mangudai
35:42 Hussar
37:32 Chain Mail Armor
37:30 Caravan
37:15 Capped Ram
37:35 Onager
38:10 Siege Ram
42:54 Parthian Tactics
44:43 Elite Steppe Lancer
47:00 Siege Onager
Nyet ZanZon
12:03 Feudal Age
12:23 Loom
17:39 Castle Age
16:54 Wheelbarrow
16:06 Double-Bit Axe
16:04 Horse Collar
19:55 Hand Cart
19:25 Town Watch
24:01 Heavy Plow
26:58 Bow Saw
27:45 Ballistics
27:34 Gold Mining
27:47 Stone Mining
30:05 Caravan
32:59 Imperial Age
31:11 Pikeman
32:58 Scale Mail Armor
33:08 Forging
34:56 Chemistry
34:14 Siege Engineers
33:50 Heavy Scorpion
37:01 Conscription
37:24 Gold Shaft Mining
37:26 Stone Shaft Mining
36:55 Double Crossbow
37:50 Halberdier
39:39 Chain Mail Armor
40:00 Iron Casting
42:47 Blast Furnace
41:53 Scale Barding Armor
49:15 Chain Barding Armor
LordWhile
1:27 Loom
13:09 Feudal Age
17:51 Castle Age
16:54 Double-Bit Axe
17:15 Stone Mining
19:27 Bow Saw
20:05 Wheelbarrow
21:32 Wheelbarrow
21:03 Gold Mining
23:20 Horse Collar
30:48 Imperial Age
29:27 Heavy Plow
29:38 Husbandry
31:31 Arson
31:10 Elite Skirmisher
32:22 Thumb Ring
33:18 Elite Cataphract
35:06 Padded Archer Armor
34:56 Fletching
37:04 Two-Man Saw
37:10 Crop Rotation
37:01 Hand Cart
37:12 Leather Archer Armor
36:53 Bodkin Arrow
37:00 Scale Mail Armor
37:10 Forging
37:12 Squires
36:57 Gambesons
38:00 Conscription
37:36 Fishing Lines
38:34 Ballistics
39:15 Chemistry
38:50 Ring Archer Armor
39:15 Logistica
39:36 Bracer
41:10 Elite Varangian Guard
43:09 Pikeman
45:41 Onager
47:38 Halberdier
Can
5:45 Loom
12:54 Feudal Age
17:15 Castle Age
15:40 Double-Bit Axe
16:32 Horse Collar
19:38 Bow Saw
20:43 Wheelbarrow
19:56 Fishing Lines
22:17 Gillnets
23:37 Hand Cart
27:16 Imperial Age
29:18 Two-Man Saw
28:22 Heavy Plow
34:37 Ballistics
33:58 Treadmill Crane
34:29 Masonry
34:42 Bombard Tower
34:36 Caravan
35:06 Coinage
35:26 Bloodlines
35:16 Husbandry
35:23 Scale Barding Armor
35:29 Forging
35:20 Scale Mail Armor
35:10 Fletching
35:21 Padded Archer Armor
37:04 Banking
37:06 Artillery
37:26 Conscription
37:44 Hoardings
36:39 Sappers
38:39 Iron Casting
38:24 Chain Barding Armor
38:34 Bodkin Arrow
41:53 Blast Furnace
46:20 Murder Holes
46:35 Masonry
46:36 Fortified Wall
elofighter
12:24 Feudal Age
12:30 Loom
13:14 Double-Bit Axe
13:12 Horse Collar
13:25 Gold Mining
15:51 Wheelbarrow
18:35 Castle Age
18:13 Forging
18:09 Scale Barding Armor
22:59 Bow Saw
25:29 Imperial Age
23:36 Stone Mining
25:13 Hand Cart
25:34 Bloodlines
30:00 Two-Man Saw
30:30 Stone Shaft Mining
30:33 Gold Shaft Mining
30:47 Iron Casting
30:23 Husbandry
30:55 Cavalier
32:10 Heavy Plow
33:15 Savar
34:58 Conscription
37:06 Caravan
37:53 Light Cavalry
39:44 Elite War Elephant
40:51 Onager
panda
2:34 Loom
13:12 Feudal Age
14:33 Wheelbarrow
17:40 Castle Age
16:18 Double-Bit Axe
24:53 Scale Mail Armor
30:41 Imperial Age
29:20 Chain Mail Armor
29:23 Bow Saw
29:48 Fletching
30:11 Forging
30:20 Gold Mining
33:39 Conscription
35:08 Iron Casting
36:46 Squires
36:31 Arson
36:36 Elite Throwing Axeman
39:16 Hand Cart
40:52 Hoardings
42:25 Chemistry
41:43 Heavy Scorpion
Connection lost

Rejoining the realm…

Still unreachable

The connection could not be restored.

Session expired

The server has moved on; the page needs a fresh start.